 Dungeon Crawl Stone Soup version 0.27.0-1-g7a089689b8 (webtiles) character file.

Game seed: 11085179293999458056

744 sanka the Nimble (level 7, -1/32 HPs)
             Began as a Spriggan Fire Elementalist on July 31, 2021.
             Splashed by an acid dragon's acid (7 damage)
             ... on level 4 of the Dungeon.
             The game lasted 00:12:03 (6827 turns).

sanka the Nimble (Spriggan Fire Elementalist)       Turns: 6827, Time: 00:12:04

Health: -1/32      AC: -3    Str:  4    XL:     7   Next: 47%
Magic:  0/14       EV: 26    Int: 16    God:
Gold:   318        SH:  0    Dex: 24    Spells: 10/14 levels left

rFire    . . .     SeeInvis +   a - +2 quarterstaff (chaos)
rCold    . . .     Faith    .   (shield currently unavailable)
rNeg     . . .     Spirit   +   j - +1 animal skin
rPois    .         Reflect  .   x - +0 hat
rElec    .         Harm     .   k - +1 cloak
rCorr    .         Rampage  .   (gloves unavailable)
Will     +....                  (boots unavailable)
Stlth    +++.......             l - amulet of guardian spirit
HPRegen  0.10/turn              (no ring)
MPRegen  0.14/turn              p - +6 ring of dexterity

@: corroded, very quick
A: very small, no large weapons, unfitting armour, see invisible, speed 3
a: no special abilities


You were on level 4 of the Dungeon.
You visited 1 branch of the dungeon, and saw 7 of its levels.

You collected 318 gold pieces.


Innate Abilities, Weirdness & Mutations

You are very small and have problems with some larger weapons.
You are too small for most types of armour.
You have supernaturally acute eyesight. (SInv)
You cover ground extremely quickly. (Speed+++)


   Skills:
 - Level 9.0 Dodging
 - Level 3.0 Stealth
 - Level 4.0 Spellcasting
 - Level 0.6 Conjurations
 + Level 5.2 Hexes
 - Level 2.4 Fire Magic


You had 10 spell levels left.
You knew the following spells:

 Your Spells              Type           Power      Damage    Failure   Level
y - Foxfire               Conj/Fire      32%        2x1d5     9%          1
Z - Confusing Touch       Hex            19%        N/A       6%          3

Your spell library contained the following spells:

 Spells                   Type           Power      Damage    Failure   Level
 Slow                     Hex            19%        N/A       3%          2
 Inner Flame              Hex/Fire       15%        N/A       11%         3
 Freeze                   Ice            12%        1d4       17%         1
 Static Discharge         Conj/Air       4%         N/A       22%         2
 Conjure Flame            Conj/Fire      8%         6-21      26%         3
 Frozen Ramparts          Ice            6%         1d2       45%         3
 Vampiric Draining        Necr           1%         2d6       45%         3
 Sticky Flame             Conj/Fire      8%         2d3       65%         4
 Hailstorm                Conj/Ice       4%         3d4       83%         4
 Fireball                 Conj/Fire      4%         3d4       94%         5
 Lightning Bolt           Conj/Air       2%         1d13      99%         5
 Maxwell's Capacitive Co  Air            1%         ∞         100%        8

Inventory:

Hand Weapons
 a - a +2 quarterstaff of chaos (weapon)
 b - a +2 dagger of speed
 r - a +0 spear
 v - a +2 whip of venom
Armour
 j - a +1 animal skin (worn)
 k - a +1 cloak (worn)
 x - a +0 hat (worn)
Jewellery
 l - an amulet of guardian spirit (around neck)
 p - a +6 ring of dexterity (right hand)
Wands
 w - a wand of flame (11)
Scrolls
 g - a scroll of enchant armour
 n - 2 scrolls of enchant weapon
 o - a scroll of amnesia {unknown}
 q - a scroll of blinking {unknown}
 s - 2 scrolls of magic mapping
 u - a scroll of immolation {!r}
Potions
 c - 2 potions of curing {unknown}
 e - 2 potions of flight {unknown}
 f - a potion of magic {unknown}
 h - a potion of heal wounds {@q2}
 i - a potion of brilliance {unknown}
 m - a potion of attraction {!q}
 t - a potion of haste {unknown}

Dungeon Overview and Level Annotations

Branches:
Dungeon (7/15)
 Temple: D:4-7

Altars:
Uskayaw

Shops:
D:1 (

Annotations:
D:3 p0werm0de's ghost, amateur GrFi

▒▒▒▒▒▒▒▒▒▒▒▒▒▒▒▒▒▒▒▒▒▒▒▒
▒..................▒....
▒..........>.......▒....
▒........D.D.......▒...÷
▒........▒▒.......▒▒....
▒........▒▒.......▒▒....
▒...▒▒............▒▒▒▒▒▒
▒▒▒▒▒▒...▒▒.......▒.....
▒...▒▒▒i▒▒▒.......▒.....
▒....▒...+........▒.....
▒....▒...▒........▒....†
▒...▒▒...▒▒.......▒▒...)
▒...▒▒...▒▒.......▒▒....
▒.................▒▒....
▒..................▒....
▒..................▒....
▒..................▒....


You could see an acid dragon (catching breath).


Message History

You hit the acid dragon but do no damage.
The acid dragon is lightly wounded.
The acid dragon spits acid at you. The splash of acid hits you!
The acid corrodes you!
You are splashed with acid!
You barely miss the acid dragon.
The acid dragon is lightly wounded.
The acid dragon misses you. The acid dragon completely misses you.
The acid dragon misses you. The acid dragon claws you.
You hit the acid dragon but do no damage.
The acid dragon is lightly wounded.
The acid dragon closely misses you. The acid dragon claws you.
* * * LOW HITPOINT WARNING * * *
Unknown command.
There is a stone staircase leading up here.
The acid dragon closely misses you. The acid dragon closely misses you.
You climb upwards.
There is a stone staircase leading down here.
Unknown command.
The acid dragon spits acid at you. The splash of acid hits you!
* * * LOW HITPOINT WARNING * * *
The acid corrodes you!
You are splashed with acid!
You die...

Action                   |  1- 3 |  4- 6 |  7- 9 || total
-------------------------+-------+-------+-------++-------
Melee: Spear             |    77 |     7 |       ||    84
       Quarterstaff      |       |   161 |    40 ||   201
 Cast: Foxfire           |    51 |    15 |       ||    66
  Use: Potion            |       |     2 |       ||     2
       Scroll            |       |       |     4 ||     4
 Stab: Sleeping          |     4 |     3 |       ||     7
       Paralysed         |       |     6 |       ||     6
       Distracted        |       |     1 |       ||     1
Armor: Robe              |    11 |       |       ||    11
       Animal skin       |       |    30 |     5 ||    35
Dodge: Dodged            |    62 |   256 |   100 ||   418

Levels and vault maps discovered:
D:1:      lightli_arrival_isolated_outpost, layout_rooms, serial_bayou,
          serial_bayou_pond_a, serial_bayou_pond_c, serial_bayou_lagoon_a,
          serial_bayou_crossing, serial_shops, shop, chequers_jeans, nrook_uturn
D:2:      layout_basic, ebering_ecumenical_altar_webs, kennysheep_jessica_study,
          uniq_crazy_yiuf_cottage, uniq_robin
D:3:      layout_loops_ring, eat_drink_and_be_merry_uskayaw,
          gammafunk_ghost_stat_death, serial_bayou_lake_a
D:4:      layout_gridville
D:5:      layout_rooms
D:6:      cheibrodos_quashed, layout_cave_pools, minitemple, serial_shops,
          nicolae_square_shop
D:7:      layout_basic, minmay_temple_entry_gardened_gates, uniq_prince_ribbit1

Notes
Turn   | Place    | Note
-------+----------+-------------------------------------------
     0 | D:1      | sanka the Spriggan Fire Elementalist began the quest for
                  | the Orb.
     0 | D:1      | Reached XP level 1. HP: 9/9 MP: 5/5
    17 | D:1      | Found Xownob's Antique Weapon Shoppe.
    31 | D:1      | Reached skill level 3 in Dodging
   216 | D:1      | Reached XP level 2. HP: 6/13 MP: 6/6
   310 | D:1      | Reached skill level 4 in Dodging
  1599 | D:2      | Reached XP level 3. HP: 16/16 MP: 8/8
  1772 | D:2      | Noticed Jessica
  1954 | D:2      | Killed Jessica
  1955 | D:2      | Reached skill level 5 in Dodging
  2216 | D:2      | Got Jessica's Tome of Beguiling
  2331 | D:2      | Found a runed translucent door.
  2332 | D:2      | Noticed Crazy Yiuf
  2446 | D:2      | Noticed Robin
  2448 | D:2      | Reached XP level 4. HP: 21/21 MP: 2/9
  2466 | D:1      | Killed Robin
  2467 | D:1      | Reached skill level 6 in Dodging
  2913 | D:2      | Found a faded altar of an unknown god.
  3103 | D:2      | Killed Crazy Yiuf
  3226 | D:3      | Found a transporter.
  3335 | D:3      | Found a transporter.
  3336 | D:3      | Noticed p0werm0de's ghost (amateur GrFi)
  3469 | D:3      | Reached XP level 5. HP: 23/24 MP: 8/10
  3543 | D:3      | Found a hide-covered altar of Uskayaw.
  3655 | D:3      | Reached skill level 7 in Dodging
  3697 | D:3      | Reached skill level 3 in Spellcasting
  4532 | D:3      | Reached skill level 4 in Spellcasting
  4558 | D:3      | Learned a level 3 spell: Confusing Touch
  4688 | D:4      | Reached XP level 6. HP: 28/28 MP: 13/13
  5030 | D:4      | Reached skill level 8 in Dodging
  5623 | D:7      | HP: 2/28 [kobold brigand (7)]
  5638 | D:7      | HP: 1/28 [poisoned by a kobold brigand]
  5734 | D:7      | Noticed an orc warrior
  5783 | D:5      | Entered Level 5 of the Dungeon
  5814 | D:5      | Noticed a sky beast
  5841 | D:5      | Reached skill level 9 in Dodging
  5847 | D:5      | Killed a sky beast
  5848 | D:5      | Reached skill level 2 in Hexes
  5848 | D:5      | Reached XP level 7. HP: 26/32 MP: 12/14
  5928 | D:5      | Noticed a steam dragon
  5987 | D:4      | Reached skill level 3 in Hexes
  6593 | D:5      | Banished a steam dragon
  6594 | D:5      | Reached skill level 5 in Hexes
  6827 | D:4      | Splashed by an acid dragon's acid

Vanquished Creatures
  A sky beast (D:5)
  A kobold brigand (D:7)
  3 quasits (D:3)
  A hound (D:4)
  Crazy Yiuf (D:2)
  A bullfrog skeleton (D:4)
  Jessica (D:2)
  2 iguanas (D:4)
  2 orc wizards (D:5)
  A howler monkey zombie (D:3)
  Robin (D:1)
  4 adders
  An ufetubus (D:4)
  A dart slug (D:1)
  4 orcs
  5 endoplasms
  2 giant cockroaches (D:1)
  5 hobgoblins
  6 jackals
  2 quokkas
  7 ball pythons
  3 bats
  4 frilled lizards
  16 goblins
  9 kobolds
  6 rats
90 creatures vanquished.

Vanquished Creatures (collateral kills)
  9 foxfires (D:1)
9 creatures vanquished.

Vanquished Creatures (others)
  An ufetubus (D:5)
  96 foxfires
  13 plants
110 creatures vanquished.

Grand Total: 209 creatures vanquished
